 Dungeon Crawl Stone Soup version 0.21-a0-521-g1cd18d1 (webtiles) character file.

42 Laiders the Shield-Bearer (level 3, 0/33 HPs)
             Began as a Minotaur Fighter on Dec 5, 2017.
             Succumbed to a goblin's poison
             ... on level 2 of the Dungeon.
             The game lasted 00:02:09 (599 turns).

Laiders the Shield-Bearer (Minotaur Fighter)         Turns: 599, Time: 00:02:10

Health: 0/33       AC:  7    Str: 26    XL:     3   Next: 35%
Magic:  2/2        EV: 12    Int: 12    God:
Gold:   25         SH: 10    Dex: 12    Spells: 2/2 levels left

rFire    . . .     SeeInvis .   a - +0 flail
rCold    . . .     Gourm    .   c - +0 shield
rNeg     . . .     Faith    .   b - +0 scale mail
rPois    .         Spirit   .   (helmet restricted)
rElec    .         Reflect  .   (no cloak)
rCorr    .         Harm     .   (no gloves)
MR       .....                  (no boots)
Stlth    +.........             (no amulet)
HPRegen  0.11/turn              (no ring)
MPRegen  0.08/turn              (no ring)

@: mighty, brilliant, agile, lethally poisoned (0 -> -13)
A: retaliatory headbutt, horns 2, clever 1, clumsy 1
a: no special abilities


You were on level 2 of the Dungeon.
You were not hungry.

You visited 1 branch of the dungeon, and saw 2 of its levels.

You collected 25 gold pieces.

Inventory:

Hand Weapons
 a - a +0 flail (weapon)
Armour
 b - a +0 scale mail (worn)
 c - a +0 shield (worn)
Jewellery
 j - an uncursed amulet of the gourmand {unknown}
 q - an uncursed ring of protection from magic {unknown}
Scrolls
 n - a scroll of enchant weapon {unknown}
 o - a scroll of magic mapping {unknown}
 r - a scroll of identify {unknown}
Potions
 e - a potion of ambrosia
 m - a potion of heal wounds {unknown}
 p - a potion of mutation
Comestibles
 f - a bread ration
 g - 7 chunks of flesh
 i - 2 meat rations
 k - 2 fruits


   Skills:
 + Level 4.1 Fighting
 + Level 3.1 Maces & Flails
 + Level 4.1 Armour
 + Level 4.2 Shields


You had 2 spell levels left.
You didn't know any spells.

Dungeon Overview and Level Annotations

Branches:
Dungeon (2/15)

Altars:

Annotations:
D:2 Robin


Innate Abilities, Weirdness & Mutations

You reflexively headbutt those who attack you in melee.
You have a pair of horns on your head.
Your mind is acute. (Int +2)
You are clumsy. (Dex -2)


Message History

You see here a dagger of venom.
It was a potion of mutation.
You feel extremely strange.
You feel clumsy.
You feel clever.
* * * LOW HITPOINT WARNING * * *
You feel sick. You block the goblin's attack. x2
The goblin hits you but does no damage. You block the goblin's attack.
The hobgoblin hits you.
* * * LOW HITPOINT WARNING * * *
Robin roars a battlecry!
It was a potion of brilliance.
You feel clever all of a sudden.
* * * LOW HITPOINT WARNING * * *
You feel sick.
The goblin no longer looks unusually strong.
You block the goblin's attack. The goblin barely misses you.
The goblin hits you but does no damage. You block the hobgoblin's attack.
The goblin hits you but does no damage. Robin throws the goblin at you!
It was a potion of agility.
You feel agile all of a sudden.
You die...

...# ...## ....###
...<..#### ...##....#
########รท###########
###. #......(....####
##r."..
####....gg...gg###.gg#
#....g@g..#))gggg#
#....ggr..###.##g.....
#.............# #####
#.........#####
#.........#
#.........#
#.........#
#.........#


You could see Robin, 2 hobgoblins, 5 goblins and a rat.

Vanquished Creatures
  An adder (D:2)
  A ball python (D:1)
  3 giant cockroaches
  8 goblins
  5 hobgoblins
  2 bats (D:1)
  3 frilled lizards
  2 kobolds (D:1)
  8 rats (D:1)
33 creatures vanquished.

Notes
Turn   | Place    | Note
-------+----------+-------------------------------------------
     0 | D:1      | Laiders the Minotaur Fighter began the quest for the Orb.
     0 | D:1      | Reached XP level 1. HP: 19/19 MP: 0/0
    84 | D:1      | Reached XP level 2. HP: 21/27 MP: 1/1
   567 | D:2      | Reached XP level 3. HP: 26/33 MP: 2/2
   572 | D:2      | Noticed Robin
   597 | D:2      | Gained mutation: You are clumsy. (Dex -2) [potion of mutation]
   597 | D:2      | Gained mutation: Your mind is acute. (Int +2) [potion of mutation]
   599 | D:2      | Succumbed to a goblin's poison

Vault maps used:
D:1:      dpeg_arrival_ratfight
D:2:      first_bread, tso_altar, uniq_robin

Skill      XL: |  1  2 |
---------------+-------+-----
Shields        | 4 |  4.2
Armour         | 4 |  4.1
Fighting       | 4 |  4.1
Maces & Flails | 3 |  3.1

Action                   || total
-------------------------++-------
Melee: Flail             ||    70
       Headbutt          ||     8
  Use: Potion            ||     5
Armor: Scale mail        ||    61
Dodge: Dodged            ||    29
Block: Shield            ||    67

Table legend:
 A = Spawn XP
 B = Non-spawn XP
 C = Spawn XP percentage of total XP
 D = Spawn monster count
 E = Non-spawn monster count
 F = Spawn count percentage of total count
 G = Total turns spent on level
                    A         B        C        D         E        F      G
               +---------+---------+-------+---------+---------+-------+---------
         Total |       0 |      61 |   0.0 |       0 |      33 |   0.0 |   599
               +---------+---------+-------+---------+---------+-------+---------
           D:1 |       0 |      31 |   0.0 |       0 |      22 |   0.0 |   507
           D:2 |       0 |      30 |   0.0 |       0 |      11 |   0.0 |    92
               +---------+---------+-------+---------+---------+-------+---------
